 Dungeon Crawl Stone Soup version 0.27-a0-1322-gfdffb62a71 (webtiles) character file.

Game seed: 12077006084354302535

133 lunkers the Gusty (level 5, 0/28 HPs)
             Began as a Tengu Air Elementalist on June 22, 2021.
             Slain by Crazy Yiuf (14 damage)
             ... on level 2 of the Dungeon.
             The game lasted 00:05:38 (2638 turns).

lunkers the Gusty (Tengu Air Elementalist)          Turns: 2638, Time: 00:05:38

Health: 0/28       AC:  2    Str:  9    XL:     5   Next: 16%
Magic:  4/10       EV: 14    Int: 16    God:
Gold:   103        SH:  0    Dex: 14    Spells: 3/9 levels left

rFire    . . .     SeeInvis .   e - +3 dagger
rCold    . . .     Faith    .   (no shield)
rNeg     . . .     Spirit   .   a - +0 robe
rPois    .         Reflect  .   (helmet restricted)
rElec    .         Harm     .   (no cloak)
rCorr    .         Rampage  .   (no gloves)
Will     .....                  (boots unavailable)
Stlth    ++........             (no amulet)
HPRegen  0.09/turn              (no ring)
MPRegen  0.12/turn              (no ring)

@: flying quickly and evasively, quick
A: beak, talons 3, nimble flight
a: no special abilities


You were on level 2 of the Dungeon.
You visited 1 branch of the dungeon, and saw 2 of its levels.

You collected 103 gold pieces.

Inventory:

Hand Weapons
 e - a +3 dagger (weapon)
Armour
 a - a +0 robe (worn)
Scrolls
 b - a scroll of fear {unknown}
 c - 2 scrolls of identify {unknown}
 g - a scroll of brand weapon {unknown}
Potions
 d - a potion of invisibility {unknown}
 f - a potion of haste {unknown}


   Skills:
 - Level 2.1 Dodging
 - Level 2.0 Stealth
 + Level 2.9 Spellcasting
 + Level 3.2 Conjurations
 * Level 6.0 Air Magic


You had 3 spell levels left.
You knew the following spells:

 Your Spells              Type           Power      Damage    Failure   Level
a - Shock                 Conj/Air       68%        1d7       2%          1
b - Static Discharge      Conj/Air       17%        N/A       4%          2
c - Swiftness             Air            21%        N/A       4%          3

Your spell library contained the following spells:

 Spells                   Type           Power      Damage    Failure   Level
 Magic Dart               Conj           48%        1d5       4%          1
 Mephitic Cloud           Conj/Pois/Air  12%        N/A       16%         3
 Blink                    Tloc           N/A        N/A       28%         2
 Call Imp                 Summ           2%         N/A       28%         2
 Slow                     Hex            2%         N/A       28%         2
 Conjure Flame            Conj/Fire      7%         6-21      28%         3
 Airstrike                Air            10%        N/A       16%         4
 Lightning Bolt           Conj/Air       8%         1d21      61%         5


Dungeon Overview and Level Annotations

Branches:
Dungeon (2/15)

Altars:

Annotations:
D:2 Crazy Yiuf


Innate Abilities, Weirdness & Mutations

You have a beak for a mouth.
You have claws for feet.
Your magical nature lets you fly swiftly and evasively.


Message History

The orc misses you.
You hit the orc but do no damage. You claw the orc.
You kill the orc!
Things that are here:
a +0 short sword; a +0 leather armour; an orc corpse You pick up a book of Minor Magic and begin reading...
You add the spells Magic Dart, Blink, Call Imp, Slow, Conjure Flame and Mephitic Cloud to your library.
Found a robe.
You now have 103 gold pieces (gained 16).
You see here 31 arrows.
Found a mace.
Found a runed translucent door.
Crazy Yiuf cries, "You leg down broken song, no?"
You reach down and open the door.
Casting: Shock (safe; 2% risk of failure)
Confirm with . or Enter, or press ? or * to list all spells.
Crazy Yiuf is struck by an arc of lightning.
Crazy Yiuf is lightly wounded.
You are struck by an arc of lightning.
The lightning grounds out.
Crazy Yiuf hits you with a +2 quarterstaff of chaos!
Crazy Yiuf burns you.
Casting: Static Discharge (safe; 4% risk of failure)
Confirm with . or Enter, or press ? or * to list all spells.
Crazy Yiuf is struck by an arc of lightning.
Crazy Yiuf is moderately wounded.
You are struck by an arc of lightning.
* * * LOW HITPOINT WARNING * * *
The lightning grounds out.
Crazy Yiuf barely misses you.
Unknown command.
Unknown command.
Unknown command.
Casting: Static Discharge (safe; 4% risk of failure)
Confirm with . or Enter, or press ? or * to list all spells.
Crazy Yiuf is struck by an arc of lightning!
Crazy Yiuf is severely wounded.
You are struck by an arc of lightning.
* * * LOW HITPOINT WARNING * * *
The lightning grounds out.
Crazy Yiuf hits you with a +2 quarterstaff of chaos!
Ouch! That really hurt!
You die...

####### ####.....#
.........# ♣♣♣♣♣##
.........# ###
♣♣♣.♣...###
.........#
#...#♣..♣......##
.........#
#...g@♣♣♣♣......#
..##.....# #)..#♣♣
♣♣..#..# .###.....#
### ♣♣###.#
.(.....).# #.#
..##.....# #.#
§.##.....#######
##.#
§§#..##.##.....#
#..#
§§.............###
#.##
..#.#......<.....###
#.#


You could see Crazy Yiuf.

Vanquished Creatures
  Jessica (D:1)
  Robin (D:2)
  3 adder zombies (D:2)
  A worm (D:2)
  A dart slug (D:1)
  4 orcs (D:2)
  2 bats (D:1)
  3 endoplasms
  5 giant cockroaches (D:1)
  15 goblins
  7 hobgoblins
  8 jackals
  4 kobolds (D:1)
  4 ball pythons
  A ball python skeleton (D:2)
  4 frilled lizards (D:1)
  A quokka skeleton (D:2)
  3 rats
68 creatures vanquished.

Vanquished Creatures (others)
  2 withered plants (D:2)
2 creatures vanquished.

Grand Total: 70 creatures vanquished

Notes
Turn   | Place    | Note
-------+----------+-------------------------------------------
     0 | D:1      | lunkers the Tengu Air Elementalist began the quest for the
                  | Orb.
     0 | D:1      | Reached XP level 1. HP: 10/10 MP: 4/4
     6 | D:1      | You fall into a shaft and drop 1 floor!
   100 | D:1      | Reached XP level 2. HP: 15/15 MP: 4/6
   365 | D:1      | Reached XP level 3. HP: 19/19 MP: 4/7
   481 | D:1      | Learned a level 2 spell: Static Discharge
   485 | D:1      | Learned a level 3 spell: Swiftness
   599 | D:1      | Reached skill level 5 in Air Magic
  1173 | D:2      | Noticed Robin
  1398 | D:2      | Noticed Jessica
  1402 | D:1      | Killed Jessica
  1403 | D:1      | Reached XP level 4. HP: 12/24 MP: 4/9
  1608 | D:2      | Killed Robin
  2082 | D:2      | Gained mutation: Your magical nature lets you fly swiftly
                  | and evasively. [Tengu growth]
  2082 | D:2      | Reached XP level 5. HP: 18/28 MP: 3/10
  2311 | D:2      | Reached skill level 6 in Air Magic
  2564 | D:2      | Found a runed translucent door.
  2565 | D:2      | Noticed Crazy Yiuf
  2638 | D:2      | Slain by Crazy Yiuf

Illustrated notes

Levels and vault maps discovered:
D:1:      psy_arrival_terrarium, layout_rooms
D:2:      layout_rooms, serial_undead, serial_undead_b, serial_undead_c,
          serial_undead_e, serial_undead_a, minmay_pentomino_t2, uniq_jessica,
          uniq_crazy_yiuf_cottage, uniq_robin

Skill      XL: |  1  2  3  4  5 |
---------------+----------------+-----
Conjurations   | 2 3 |  3.2
Air Magic      | 5 6 |  6.0
Dodging        | |  2.1
Stealth        | |  2.0
Spellcasting   | |  2.9

Action                   |  1- 3 |  4- 6 || total
-------------------------+-------+-------++-------
Melee: Unarmed           |    12 |       ||    12
       Kick              |     4 |     2 ||     6
       Peck              |     2 |       ||     2
       Dagger            |       |    14 ||    14
 Cast: Shock             |    80 |    24 ||   104
       Static Discharge  |     2 |    14 ||    16
 Stab: Sleeping          |       |     1 ||     1
Armor: Robe              |     6 |     4 ||    10
Dodge: Dodged            |    15 |    26 ||    41

Table legend: (Time is in decaauts)
 A = Elapsed time spent in this place.
 B = Non-inter-level travel time spent in this place.
 C = Inter-level travel time spent in this place.
 D = Time resting spent in this place.
 E = Time spent auto-exploring this place.
 F = Levels seen in this place.
 G = Mean time per level.
                   A        B        C        D        E       F      G
               +--------+--------+--------+--------+--------+-----+--------+
         Total |   2605 |   2549 |     56 |    620 |   1486 |   2 | 1302.5 |
       Dungeon |   2605 |   2549 |     56 |    620 |   1486 |   2 | 1302.5 |
               +--------+--------+--------+--------+--------+-----+--------+

Top non-repeatable levels by time:
     D:1: 1578 daAuts
     D:2: 1027 daAuts
